 Dungeon Crawl Stone Soup version 0.16-a0-3540-gcd4db26 (webtiles) character file.

1 Pikaro the Insei (level 1, -1/13 HPs)
             Began as an Octopode Transmuter on Jan 9, 2015.
             Hit by a stone thrown by a hobgoblin (3 damage)
             ... on level 1 of the Dungeon.
             The game lasted 00:00:18 (99 turns).

Pikaro the Insei (Octopode Transmuter)                Turns: 99, Time: 00:00:18

Health: -1/13      AC:  1    Str:  9    XL:     1   Next: 20%
Magic:  3/3        EV: 12    Int: 15    God:
Gold:   6          SH:  0    Dex: 12    Spells: 1 memorised, 3 levels left

rFire  . . .     SeeInvis .       - Unarmed
rCold  . . .     Clarity  .     (no shield)
rNeg   . . .     SustAb   .     (helmet restricted)
rPois  .         Gourm    .     (no amulet)
rElec  .         Spirit   .     (no ring)
rCorr  .         Warding  .     (no ring)
rMut   .         Stasis   .     (no ring)
MR     .....                    (no ring)
Stlth  ++........               (no ring)
                                (no ring)
                                (no ring)
                                (no ring)

@: not resistant to hostile enchantments, unstealthy
A: almost no armour, amphibious, 8 rings, constrict 8, camouflage 1, gelatinous
body 1
a: no special abilities


You were on level 1 of the Dungeon.
You were not hungry.

You visited 1 branch of the dungeon, and saw 1 of its levels.

You collected 6 gold pieces.

Inventory:

Missiles
 b - 12 arrows
Books
 d - a book of Changes
Comestibles
 a - a bread ration


   Skills:
 - Level 1.0 Fighting
 - Level 2.0 Dodging
 + Level 3.1 Unarmed Combat
 - Level 2.0 Spellcasting
 - Level 2.0 Transmutations


You had 3 spell levels left.
You knew the following spells:

 Your Spells              Type           Power        Failure   Level  Hunger
A - Beastly Appendage     Trmt           #.....       12%         1    #......


Dungeon Overview and Level Annotations

Branches:
Dungeon (1/15)

Altars:


Innate Abilities, Weirdness & Mutations

You cannot wear most types of armour.
You are amphibious.
You can wear up to eight rings at the same time.
You can use your tentacles to constrict many enemies at once.
Your skin changes colour to match your surroundings (Stealth).
Your rubbery body absorbs attacks (AC +1).


Message History

Welcome, Pikaro the Octopode Transmuter.
The bosom of this dungeon contains the most powerful artefact, the Orb of Zot.
You now have 6 gold pieces.
You open the door.
There is an open door here.
You open the door. 2 goblins come into view.
The goblin shouts!
The goblin throws a stone.
The stone hits you.
You take 2 damage, and have 11/13 hp.
There is an open door here.
The goblin barely misses you.
You tentacle-slap the goblin.
You kill the goblin!
The goblin throws a stone.
The stone hits you.
You take 1 damage, and have 10/13 hp.
The goblin misses you.
You tentacle-slap the goblin.
You kill the goblin!
You start resting.
Health restored: 13 Total turns waited: 71 You see here a stone.
There is an open door here.
There is an open door, spattered with blood here.
You open the large door.
A hobgoblin comes into view.
A hobgoblin is nearby!
A hobgoblin comes into view.
The hobgoblin shouts!
The hobgoblin throws a stone.
The stone hits you.
There is a large open door here.
You take 2 damage, and have 11/13 hp.
The hobgoblin closely misses you.
The hobgoblin throws a stone.
The stone hits you.
There is a large open door here.
You see here a stone.
You take 3 damage, and have 8/13 hp.
MASSIVE DAMAGE!!
You closely miss the hobgoblin. You grab the hobgoblin.
Your tentacle-slap misses the hobgoblin.
You constrict the hobgoblin, but do no damage.
The hobgoblin hits you.
You take 3 damage, and have 5/13 hp.
MASSIVE DAMAGE!!
You release your grip on the hobgoblin.
The hobgoblin throws a stone.
The stone barely misses you.
The hobgoblin throws a stone.
The stone completely misses you.
There is a large open door here.
The hobgoblin throws a stone.
The stone hits you.
The hobgoblin throws a stone.
The stone hits you.
* * * LOW HITPOINT WARNING * * *
You take 3 damage, and have 2/13 hp.
MASSIVE DAMAGE!!
The hobgoblin throws a stone.
The stone hits you.
You die...

###+### ###8+8#8###
#####
##.........###..≈##
##...........##..§≈#
.#.........(..##...≈#
........<.....8'(.(§+
.#............'#.(§≈#
##...........##..≈≈#
##....@....###.§≈##
####8(8#### #####
##(## #.§..gg.....#
#≈§≈.....≈≈≈#
###≈≈§≈≈≈≈###
####+####


You could see 2 hobgoblins.

Vanquished Creatures
  2 goblins (D:1)
2 creatures vanquished.

Notes
Turn   | Place    | Note
--------------------------------------------------------------
     0 | D:1      | Pikaro, the Octopode Transmuter, began the quest for the Orb.
     0 | D:1      | Reached XP level 1. HP: 13/13 MP: 3/3
    98 | D:1      | HP: 2/13 [hobgoblin/stone (2)]
    99 | D:1      | Hit by a stone thrown by a hobgoblin

Action                   || total
-------------------------++-------
Melee: Unarmed           ||     3

Vault maps used:
D:1:      dpeg_arrival_morbid_curiosity

Table legend:
 A = Turns spent in this place as a percentage of turns spent in the entire game.
 B = Non-inter-level travel turns spent in this place as a percentage of non-inter-level travel turns spent in the entire game.
 C = Inter-level travel turns spent in this place as a percentage of turns spent in this place.
 D = Turns resting spent in this place as a percentage of non-inter-level travel turns spent in this place.
 E = Turns spent auto-exploring this place as a percentage of non-inter-level travel turns spent in this place.
 F = Non-inter-level travel turns spent in this place divided by the number of levels of this place that you've seen.
                   A       B       C       D       E      F
               +-------+-------+-------+-------+-------+----------------------
         Total | 100.0 | 100.0 |   0.0 |  11.1 |  11.1 |  18.0
       Dungeon | 100.0 | 100.0 |   0.0 |  11.1 |  11.1 |  18.0
               +-------+-------+-------+-------+-------+----------------------

Table legend:
 A = Kills in this place as a percentage of kills in entire the game.
 B = Kills by you in this place as a percentage of kills by you in the entire game.
 C = Kills by friends in this place as a percentage of kills by friends in the entire game.
 D = Other kills in this place as a percentage of other kills in the entire game.
 E = Experience gained in this place as a percentage of experience gained in the entire game.
 F = Experience gained in this place divided by the number of levels of this place that you have seen.
                   A       B       C       D       E      F
               +-------+-------+-------+-------+-------+----------------------
         Total | 100.0 | 100.0 |  -nan |  -nan | 100.0 |   2.0
       Dungeon | 100.0 | 100.0 |  -nan |  -nan | 100.0 |   2.0
               +-------+-------+-------+-------+-------+----------------------
